[Event "23rd ETCC Open 2021"]
[Site "Catez"]
[Date "2021.11.19"]
[Round "7.59"]
[White "Kurmann, Oliver"]
[Black "Blagojevic, Dragisa"]
[Result "1/2-1/2"]
[ECO "C92"]
[WhiteElo "2458"]
[BlackElo "2467"]
[Annotator "ChessBase"]
[PlyCount "60"]
[EventDate "2021.11.08"]
[EventType "team-tourn"]
[EventCountry "SLO"]
[SourceTitle "playchess.com"]
[Source "ChessBase"]
[SourceQuality "1"]
[WhiteTeam "Switzerland"]
[BlackTeam "Montenegro"]
[WhiteTeamCountry "SUI"]
[BlackTeamCountry "MNE"]
[TimeControl "40/5400+30:1800+30"]

1. e4 e5 2. Nf3 Nc6 3. Bb5 a6 4. Ba4 Nf6 5. O-O Be7 6. Re1 b5 7. Bb3 d6 8. c3
O-O 9. h3 Nd7 10. d4 Bb7 11. Nbd2 exd4 12. cxd4 Bf6 13. Nf1 Na5 14. Bc2 c5 15.
d5 Nc4 16. Rb1 Re8 17. b3 Nce5 18. N3h2 Ng6 19. Ng3 Be5 20. Ne2 Bf6 21. Ng4 Be7
22. f4 Nf6 23. Nh2 Bf8 24. Ng3 a5 25. Nf3 Ba6 26. Be3 Nd7 27. Nf5 Nf6 28. Ng3
Nd7 29. Nf5 Nf6 30. Ng3 Nd7 1/2-1/2

[Event "23rd ETCC Open 2021"]
[Site "Catez"]
[Date "2021.11.19"]
[Round "7.60"]
[White "Nikcevic, Nebojsa"]
[Black "Baenziger, Fabian"]
[Result "0-1"]
[ECO "D12"]
[WhiteElo "2385"]
[BlackElo "2403"]
[Annotator "NA"]
[PlyCount "101"]
[EventDate "2021.11.08"]
[EventType "team-tourn"]
[EventCountry "SLO"]
[SourceTitle "playchess.com"]
[Source "ChessBase"]
[SourceQuality "1"]
[WhiteTeam "Montenegro"]
[BlackTeam "Switzerland"]
[WhiteTeamCountry "MNE"]
[BlackTeamCountry "SUI"]
[TimeControl "40/5400+30:1800+30"]

1. Nf3 d5 2. d4 Nf6 3. c4 c6 4. e3 Bf5 5. Nc3 e6 6. Nh4 Bg6 7. Nxg6 hxg6 8. Bd2
Nbd7 9. Rc1 a6 10. a3 Bd6 11. c5 Bc7 12. f4 Ne4 13. Nxe4 dxe4 14. Qc2 g5 15.
Qxe4 Nf6 16. Qd3 gxf4 17. exf4 Qd5 18. Rc4 Rh4 19. Kd1 Ne4 20. Be1 Rxf4 21. Be2
O-O-O 22. Rf1 Rxf1 23. Bxf1 Bxh2 24. Kc2 Bc7 25. Be2 f5 26. Rb4 e5 27. Bc3 exd4
28. Rxd4 Qxc5 29. Rxd8+ Bxd8 30. Bg4 Kc7 31. Bf3 Qf2+ 32. Kb1 Nxc3+ 33. Qxc3
Bf6 34. Qc2 Qg1+ 35. Ka2 Qd4 36. Be2 a5 37. Bc4 Kd6 38. Bf7 g5 39. Bg6 f4 40.
Bh5 Kc7 41. Bf3 Qe5 42. Kb1 Qe1+ 43. Qc1 Qxc1+ 44. Kxc1 Kd6 45. b3 Kc5 46. Kc2
Kd4 47. Kd2 Be7 48. a4 Bb4+ 49. Kc2 Ke3 50. Kd1 Kf2 51. Be4 0-1

[Event "23rd ETCC Open 2021"]
[Site "Catez"]
[Date "2021.11.19"]
[Round "7.61"]
[White "Mehmeti, Dritan"]
[Black "Grandelius, Nils"]
[Result "0-1"]
[ECO "D00"]
[WhiteElo "2391"]
[BlackElo "2669"]
[Annotator "ChessBase"]
[PlyCount "142"]
[EventDate "2021.11.08"]
[EventType "team-tourn"]
[EventCountry "SLO"]
[SourceTitle "playchess.com"]
[Source "ChessBase"]
[SourceQuality "1"]
[WhiteTeam "Albania"]
[BlackTeam "Sweden"]
[WhiteTeamCountry "ALB"]
[BlackTeamCountry "SWE"]
[TimeControl "40/5400+30:1800+30"]

1. d4 Nf6 2. Bg5 g6 3. Bxf6 exf6 4. e3 d5 5. Ne2 Nd7 6. g3 h5 7. Bg2 Nb6 8. Nd2
h4 9. c4 dxc4 10. Nxc4 Nxc4 11. Qa4+ c6 12. Qxc4 Be6 13. Qc3 Bg4 14. Rc1 Bd6
15. a3 Kf8 16. Nf4 Kg7 17. O-O g5 18. Nd3 Qc8 19. f3 Be6 20. f4 hxg3 21. hxg3
Bh3 22. Nf2 Bxg2 23. Kxg2 Qe6 24. Rh1 Rxh1 25. Rxh1 Re8 26. fxg5 fxg5 27. e4
Qg6 28. Qf3 Bc7 29. Qc3 f6 30. g4 Bb6 31. a4 Rd8 32. Rd1 Qf7 33. a5 Bc7 34. a6
Bb6 35. axb7 Qxb7 36. e5 fxe5 37. dxe5 Rxd1 38. Nxd1 Bd4 39. Qf3 Bxe5 40. b3
Qd7 41. Nf2 a5 42. Ne4 Qd4 43. Qe2 Kg6 44. Qc2 Qb2 45. Qxb2 Bxb2 46. Kf3 Bc1
47. Nc5 Kf6 48. Ke4 Ba3 49. Nd7+ Ke6 50. Ne5 c5 51. Nc4 Bb4 52. Ne5 Bd2 53. Nc4
Be1 54. Ne5 Bg3 55. Nc4 Bc7 56. Ne3 Kd6 57. Nd5 Bd8 58. Nc3 Bf6 59. Nd5 Bd4 60.
Nb6 Kc6 61. Nc4 Kb5 62. Kd3 Kb4 63. Nd2 Bf6 64. Kc2 Be7 65. Kd3 Bd6 66. Kc2 Bf4
67. Ne4 c4 68. bxc4 Kxc4 69. Kb2 Kd3 70. Nc5+ Ke3 71. Kb3 Kf3 0-1

[Event "23rd ETCC Open 2021"]
[Site "Catez"]
[Date "2021.11.19"]
[Round "7.62"]
[White "Hillarp Persson, Tiger"]
[Black "Pasko, Llambi"]
[Result "1-0"]
[ECO "A11"]
[WhiteElo "2528"]
[BlackElo "2417"]
[Annotator "ChessBase"]
[PlyCount "93"]
[EventDate "2021.11.08"]
[EventType "team-tourn"]
[EventCountry "SLO"]
[SourceTitle "playchess.com"]
[Source "ChessBase"]
[SourceQuality "1"]
[WhiteTeam "Sweden"]
[BlackTeam "Albania"]
[WhiteTeamCountry "SWE"]
[BlackTeamCountry "ALB"]
[TimeControl "40/5400+30:1800+30"]

1. c4 c6 2. Nf3 d5 3. e3 Nf6 4. Nc3 e6 5. b3 Nbd7 6. Qc2 Bd6 7. Bb2 O-O 8. Be2
Qe7 9. O-O a6 10. d4 b5 11. e4 dxe4 12. Nxe4 Nxe4 13. Qxe4 Bb7 14. Rfe1 Ba3 15.
Bc3 Bb4 16. Bxb4 Qxb4 17. Qc2 Rfd8 18. a3 Qd6 19. c5 Qf4 20. g3 Qf6 21. Qc3 Nf8
22. Ne5 Ng6 23. Rad1 Ne7 24. Qa5 Nf5 25. Bf1 Qe7 26. Qc3 Qc7 27. Bg2 Ne7 28. h4
Nd5 29. Qd2 Re8 30. h5 Rad8 31. h6 f6 32. Ng4 Bc8 33. hxg7 Qxg7 34. Ne3 Qc7 35.
Nxd5 exd5 36. Re3 Re6 37. Rxe6 Bxe6 38. Re1 Re8 39. Bh3 Qf7 40. Qe2 f5 41. Qd2
Qg6 42. Qf4 Rf8 43. b4 Bc8 44. Re7 Rf7 45. Re8+ Rf8 46. Rxc8 Rxc8 47. Bxf5 1-0

[Event "23rd ETCC Open 2021"]
[Site "Catez"]
[Date "2021.11.19"]
[Round "7.63"]
[White "Ashiku, Franc"]
[Black "Johansson, Linus"]
[Result "1-0"]
[ECO "E32"]
[WhiteElo "2419"]
[BlackElo "2479"]
[Annotator "ChessBase"]
[PlyCount "131"]
[EventDate "2021.11.08"]
[EventType "team-tourn"]
[EventCountry "SLO"]
[SourceTitle "playchess.com"]
[Source "ChessBase"]
[SourceQuality "1"]
[WhiteTeam "Albania"]
[BlackTeam "Sweden"]
[WhiteTeamCountry "ALB"]
[BlackTeamCountry "SWE"]
[TimeControl "40/5400+30:1800+30"]

1. d4 Nf6 2. c4 e6 3. Nc3 Bb4 4. Nf3 d6 5. Qc2 Nbd7 6. a3 Bxc3+ 7. Qxc3 b6 8.
e3 Bb7 9. Be2 a5 10. b3 Qe7 11. O-O O-O 12. Bb2 Rfe8 13. Rad1 e5 14. d5 b5 15.
cxb5 Nxd5 16. Qc2 a4 17. b4 N7b6 18. Nd2 Qh4 19. Bf3 Re6 20. g3 Qe7 21. Rc1 Rb8
22. e4 Nf6 23. Qxc7 Qxc7 24. Rxc7 Ree8 25. Re1 Rec8 26. Rec1 Kf8 27. Bg2 Ne8
28. Rxc8 Rxc8 29. Rxc8 Bxc8 30. Nb1 Be6 31. Nc3 Ke7 32. Bc1 Nf6 33. Be3 Nfd7
34. Bf1 Kd8 35. f3 Kc7 36. Kf2 Bb3 37. Bd3 Kb7 38. Ke1 Kc7 39. Kd2 Kb7 40. h4
Kc7 41. Bf1 Kb7 42. Be2 Kc7 43. Ke1 Kb7 44. Bd1 Bxd1 45. Kxd1 Nc4 46. Bc1 Ncb6
47. Ke2 Kc7 48. Kd3 Kb7 49. Be3 Kc7 50. g4 Kb7 51. h5 Kc7 52. h6 g6 53. g5 Kd8
54. Bxb6+ Nxb6 55. Nd5 Nxd5 56. exd5 Kc7 57. b6+ Kxb6 58. Kc4 Ka6 59. b5+ Ka5
60. b6 Ka6 61. b7 Kxb7 62. Kb5 Kc7 63. Kxa4 Kd7 64. Kb4 f6 65. gxf6 g5 66. Kc3
1-0

[Event "23rd ETCC Open 2021"]
[Site "Catez"]
[Date "2021.11.19"]
[Round "7.64"]
[White "Seo, Jung Min"]
[Black "Seitaj, Ilir"]
[Result "1-0"]
[ECO "C55"]
[WhiteElo "2455"]
[BlackElo "2351"]
[Annotator "ChessBase"]
[PlyCount "97"]
[EventDate "2021.11.08"]
[EventType "team-tourn"]
[EventCountry "SLO"]
[SourceTitle "playchess.com"]
[Source "ChessBase"]
[SourceQuality "1"]
[WhiteTeam "Sweden"]
[BlackTeam "Albania"]
[WhiteTeamCountry "SWE"]
[BlackTeamCountry "ALB"]
[TimeControl "40/5400+30:1800+30"]

1. e4 e5 2. Nf3 Nc6 3. Bc4 Nf6 4. d3 Be7 5. O-O O-O 6. Re1 d6 7. a4 Be6 8. Nbd2
Qd7 9. c3 Kh8 10. a5 a6 11. Qb3 Rab8 12. Nf1 Bxc4 13. Qxc4 Nh5 14. Ne3 Bd8 15.
d4 exd4 16. cxd4 Ne7 17. b3 Qc6 18. d5 Qxc4 19. bxc4 Nf4 20. Ra3 Neg6 21. g3
Nh5 22. Nf5 Ne7 23. N5d4 c5 24. Nb3 Nc8 25. e5 f5 26. Ra2 b5 27. axb6 Rxb6 28.
Na5 dxe5 29. Nxe5 Nf6 30. Ba3 Be7 31. Nac6 Bd6 32. Rea1 Ne7 33. Nxe7 Bxe7 34.
Nc6 Bd6 35. Bb2 Ne8 36. Bc3 Rb3 37. Be5 Rb6 38. f4 Bxe5 39. fxe5 Nc7 40. Ra5 f4
41. Rxc5 fxg3 42. hxg3 Rb3 43. Kg2 Rb2+ 44. Kh3 Ne8 45. Nd4 h5 46. Ne6 Rff2 47.
Rh1 Kg8 48. d6 Rbd2 49. Rd5 1-0

[Event "23rd ETCC Open 2021"]
[Site "Catez"]
[Date "2021.11.19"]
[Round "7.66"]
[White "Docx, Stefan"]
[Black "Stefansson, Hannes"]
[Result "0-1"]
[ECO "D45"]
[WhiteElo "2432"]
[BlackElo "2519"]
[Annotator "ChessBase"]
[PlyCount "94"]
[EventDate "2021.11.08"]
[EventType "team-tourn"]
[EventCountry "SLO"]
[SourceTitle "playchess.com"]
[Source "ChessBase"]
[SourceQuality "1"]
[WhiteTeam "Belgium"]
[BlackTeam "Iceland"]
[WhiteTeamCountry "BEL"]
[BlackTeamCountry "ISL"]
[TimeControl "40/5400+30:1800+30"]

1. d4 Nf6 2. c4 e6 3. Nf3 d5 4. Nc3 c6 5. e3 Nbd7 6. Be2 Bd6 7. O-O O-O 8. b3
b6 9. Bb2 Bb7 10. Bd3 h6 11. Re1 dxc4 12. bxc4 c5 13. d5 Ne5 14. Nb5 Nxd3 15.
Qxd3 Bb8 16. e4 a6 17. Nc3 e5 18. Rab1 Re8 19. Na4 Nd7 20. Bc3 Bc8 21. Qd2 b5
22. Ba5 Bc7 23. Bxc7 Qxc7 24. Nc3 b4 25. Nd1 a5 26. Qd3 a4 27. Nd2 Ra6 28. a3
Qa5 29. Ne3 Rb6 30. Red1 g6 31. h3 Kg7 32. Ndf1 Nf6 33. g4 Bd7 34. Ng3 Reb8 35.
Qd2 Qa7 36. Ra1 bxa3 37. Rxa3 Rb3 38. Rda1 Ne8 39. Qc2 Qb6 40. Kg2 Nd6 41. R1a2
Qb4 42. Qc1 Rb1 43. Qc3 Qxc3 44. Rxc3 R8b3 45. Rcc2 a3 46. Kf3 Ba4 47. Ngf1
Rxf1 0-1

[Event "23rd ETCC Open 2021"]
[Site "Catez"]
[Date "2021.11.19"]
[Round "7.67"]
[White "Gretarsson, Helgi Ass"]
[Black "Beukema, Stefan"]
[Result "1-0"]
[ECO "A88"]
[WhiteElo "2476"]
[BlackElo "2408"]
[Annotator "ChessBase"]
[PlyCount "107"]
[EventDate "2021.11.08"]
[EventType "team-tourn"]
[EventCountry "SLO"]
[SourceTitle "playchess.com"]
[Source "ChessBase"]
[SourceQuality "1"]
[WhiteTeam "Iceland"]
[BlackTeam "Belgium"]
[WhiteTeamCountry "ISL"]
[BlackTeamCountry "BEL"]
[TimeControl "40/5400+30:1800+30"]

1. d4 f5 2. Nf3 Nf6 3. g3 d6 4. Bg2 g6 5. O-O Bg7 6. c4 O-O 7. Nc3 c6 8. Re1
Ne4 9. Qc2 Nxc3 10. bxc3 e5 11. dxe5 dxe5 12. Ba3 Re8 13. e4 Na6 14. Rad1 Qa5
15. Bd6 Nc5 16. Nd2 f4 17. Nb3 Nxb3 18. axb3 Bg4 19. f3 Be6 20. b4 Qa6 21. c5
Qa2 22. Qxa2 Bxa2 23. Bf1 g5 24. c4 a5 25. bxa5 Rxa5 26. Rd2 Rea8 27. Rb2 R5a7
28. Rd1 Kf7 29. Kf2 Kf6 30. Rb4 h6 31. Rd2 Ra4 32. Rxb7 Bxc4 33. Bxc4 Rxc4 34.
Bxe5+ Kxe5 35. Rxg7 Rxc5 36. Rg6 Ra3 37. Kg2 g4 38. Rxg4 fxg3 39. hxg3 Rcc3 40.
Rf4 Rd3 41. Rxd3 Rxd3 42. Rf5+ Kd4 43. Rf6 Ke3 44. e5 c5 45. e6 Rd2+ 46. Kh3
Kf2 47. Rf4 Rd8 48. Kg4 Re8 49. Re4 h5+ 50. Kf4 Rf8+ 51. Ke5 Kxg3 52. f4 Kg4
53. f5+ Kg5 54. f6 1-0

[Event "23rd ETCC Open 2021"]
[Site "Catez"]
[Date "2021.11.19"]
[Round "7.68"]
[White "Verstraeten, Rein"]
[Black "Kjartansson, Gudmundur"]
[Result "0-1"]
[ECO "D30"]
[WhiteElo "2386"]
[BlackElo "2443"]
[Annotator "NA"]
[PlyCount "96"]
[EventDate "2021.11.08"]
[EventType "team-tourn"]
[EventCountry "SLO"]
[SourceTitle "playchess.com"]
[Source "ChessBase"]
[SourceQuality "1"]
[WhiteTeam "Belgium"]
[BlackTeam "Iceland"]
[WhiteTeamCountry "BEL"]
[BlackTeamCountry "ISL"]
[TimeControl "40/5400+30:1800+30"]

1. d4 d5 2. c4 c6 3. Nf3 Nf6 4. e3 e6 5. b3 Ne4 6. Bd3 Bb4+ 7. Nbd2 f5 8. O-O
Nd7 9. Bb2 Qf6 10. g3 O-O 11. a3 Bd6 12. b4 g5 13. Nb3 h5 14. Ne5 g4 15. f3
gxf3 16. Qxf3 Qh6 17. Qf4 Qg7 18. Bxe4 dxe4 19. Nc1 Nxe5 20. dxe5 Be7 21. h4 a5
22. b5 cxb5 23. cxb5 a4 24. Ne2 Bd7 25. Nd4 Qg6 26. Bc3 Rfc8 27. Bb4 Bxb4 28.
axb4 a3 29. Rfc1 Rxc1+ 30. Rxc1 Qg4 31. Kf2 Qxf4+ 32. gxf4 a2 33. Ra1 Kf7 34.
Ke1 Ra3 35. Kd2 Ke7 36. Nc2 Ra8 37. b6 Bb5 38. Kc3 Bd3 39. Nd4 Rc8+ 40. Kb2 Bb1
41. Kb3 Rc1 42. Ne2 Re1 43. Nc3 Rxe3 44. Kc4 Rxc3+ 45. Kxc3 e3 46. Rxa2 Bxa2
47. Kd3 Kd7 48. b5 Bc4+ 0-1

[Event "23rd ETCC Open 2021"]
[Site "Catez"]
[Date "2021.11.19"]
[Round "7.69"]
[White "Tate, Alan"]
[Black "Pancevski, Filip"]
[Result "1/2-1/2"]
[ECO "C41"]
[WhiteElo "2342"]
[BlackElo "2490"]
[Annotator "ChessBase"]
[PlyCount "88"]
[EventDate "2021.11.08"]
[EventType "team-tourn"]
[EventCountry "SLO"]
[SourceTitle "playchess.com"]
[Source "ChessBase"]
[SourceQuality "1"]
[WhiteTeam "Scotland"]
[BlackTeam "Macedonia"]
[WhiteTeamCountry "SCO"]
[BlackTeamCountry "MKD"]
[TimeControl "40/5400+30:1800+30"]

1. e4 d6 2. d4 Nf6 3. Nc3 e5 4. Nf3 Nbd7 5. g4 g6 6. g5 Nh5 7. Be3 Bg7 8. Qd2
c6 9. O-O-O Qa5 10. Kb1 O-O 11. Be2 Re8 12. h4 Nf8 13. Nh2 b5 14. Bxh5 gxh5 15.
f3 b4 16. Ne2 Be6 17. d5 cxd5 18. exd5 Bf5 19. Ng3 Bg6 20. Ne4 Rec8 21. Nf1
Rab8 22. Nfg3 Qd8 23. Rc1 a5 24. Qe2 a4 25. Qa6 b3 26. cxb3 axb3 27. a3 f5 28.
gxf6 Bxf6 29. Rxc8 Rxc8 30. Rg1 Ra8 31. Qc4 Kh8 32. Qxb3 Bxh4 33. Ka1 Rb8 34.
Qd1 Qd7 35. Qd2 Rb3 36. Ne2 Qh3 37. Bh6 Qxf3 38. Ng5 Bxg5 39. Bxg5 Rd3 40. Qc1
Qxe2 41. Bf6+ Kg8 42. Qc7 Nd7 43. Qd8+ Nf8 44. Qc7 Nd7 1/2-1/2

[Event "23rd ETCC Open 2021"]
[Site "Catez"]
[Date "2021.11.19"]
[Round "7.70"]
[White "Nikolovski, Nikola"]
[Black "Bremner, Adam"]
[Result "1/2-1/2"]
[ECO "B13"]
[WhiteElo "2401"]
[BlackElo "2204"]
[Annotator "NA"]
[PlyCount "89"]
[EventDate "2021.11.08"]
[EventType "team-tourn"]
[EventCountry "SLO"]
[SourceTitle "playchess.com"]
[Source "ChessBase"]
[SourceQuality "1"]
[WhiteTeam "Macedonia"]
[BlackTeam "Scotland"]
[WhiteTeamCountry "MKD"]
[BlackTeamCountry "SCO"]
[TimeControl "40/5400+30:1800+30"]

1. e4 c6 2. d4 d5 3. exd5 cxd5 4. Bd3 Nc6 5. c3 Qc7 6. Ne2 Bg4 7. O-O e6 8. Qe1
Bd6 9. f3 Bh5 10. Qh4 Bg6 11. Bxg6 fxg6 12. Bf4 Nge7 13. Bxd6 Qxd6 14. f4 Nf5
15. Qh3 Qd7 16. Nd2 Nd8 17. Nc1 Nf7 18. Nd3 O-O 19. Nc5 Qc8 20. Rae1 Re8 21. g4
N5d6 22. Qe3 b6 23. Nxe6 Nd8 24. f5 gxf5 25. gxf5 Nxe6 26. fxe6 Ne4 27. Nxe4
Rxe6 28. Qf3 dxe4 29. Rxe4 Rg6+ 30. Kh1 Rf6 31. Rf4 Rxf4 32. Qd5+ Kh8 33. Rxf4
h6 34. Rf7 Qe8 35. Qf3 Qe1+ 36. Qf1 Qe4+ 37. Qg2 Qe1+ 38. Rf1 Qe8 39. Rf7 Qxf7
40. Qxa8+ Kh7 41. Qe4+ Kh8 42. Qe2 Qxa2 43. c4 a5 44. Qe8+ Kh7 45. Qe4+ 1/2-1/2

[Event "23rd ETCC Open 2021"]
[Site "Catez"]
[Date "2021.11.19"]
[Round "7.71"]
[White "Morrison, Graham"]
[Black "Lazov, Toni"]
[Result "1/2-1/2"]
[ECO "E92"]
[WhiteElo "2251"]
[BlackElo "2393"]
[Annotator "NA"]
[PlyCount "70"]
[EventDate "2021.11.08"]
[EventType "team-tourn"]
[EventCountry "SLO"]
[SourceTitle "playchess.com"]
[Source "ChessBase"]
[SourceQuality "1"]
[WhiteTeam "Scotland"]
[BlackTeam "Macedonia"]
[WhiteTeamCountry "SCO"]
[BlackTeamCountry "MKD"]
[TimeControl "40/5400+30:1800+30"]

1. d4 Nf6 2. c4 g6 3. Nc3 Bg7 4. e4 d6 5. Nf3 O-O 6. Be2 e5 7. Be3 Ng4 8. Bg5
f6 9. Bh4 g5 10. Bg3 Nh6 11. c5 Nc6 12. cxd6 cxd6 13. dxe5 dxe5 14. Bc4+ Kh8
15. h3 Nd4 16. O-O Nxf3+ 17. Qxf3 g4 18. hxg4 Bxg4 19. Qd3 Qe8 20. f3 Bc8 21.
Bh2 f5 22. Rad1 fxe4 23. Nxe4 Bf5 24. Bd5 Rd8 25. Qb3 b6 26. Qa3 a5 27. Nd6 Qg6
28. Nxf5 Qxf5 29. Qb3 Qf6 30. Rfe1 Rfe8 31. g4 Bf8 32. Kg2 Bc5 33. Re4 Bd4 34.
Bc4 Kg7 35. Rde1 Nf7 1/2-1/2

[Event "23rd ETCC Open 2021"]
[Site "Catez"]
[Date "2021.11.19"]
[Round "7.72"]
[White "Mihov, Filip"]
[Black "Gordon, Frederick"]
[Result "1-0"]
[ECO "A31"]
[WhiteElo "2255"]
[BlackElo "1739"]
[Annotator "NA"]
[PlyCount "125"]
[EventDate "2021.11.08"]
[EventType "team-tourn"]
[EventCountry "SLO"]
[SourceTitle "playchess.com"]
[Source "ChessBase"]
[SourceQuality "1"]
[WhiteTeam "Macedonia"]
[BlackTeam "Scotland"]
[WhiteTeamCountry "MKD"]
[BlackTeamCountry "SCO"]
[TimeControl "40/5400+30:1800+30"]

1. c4 c5 2. Nc3 g6 3. Nf3 Bg7 4. e3 Nf6 5. d4 cxd4 6. Nxd4 O-O 7. Nc2 b6 8. Be2
Bb7 9. O-O Na6 10. f3 Nc5 11. e4 a5 12. Be3 d6 13. Qd2 Bc6 14. b3 Qc8 15. Rab1
Rd8 16. Bg5 Qb7 17. Nd5 Nxd5 18. exd5 Be8 19. Nd4 Bxd4+ 20. Qxd4 f6 21. Bh6 Nd7
22. f4 b5 23. cxb5 Qb6 24. Rfd1 Rdc8 25. a4 Bf7 26. Bf3 Rc3 27. h4 f5 28. Bg7
Rc2 29. Kf1 Rac8 30. Qxb6 Nxb6 31. Bb2 Kf8 32. Ba3 R8c3 33. Bb2 Rc8 34. Rd3 Ke8
35. Bg7 Rc1+ 36. Rxc1 Rxc1+ 37. Kf2 Rc5 38. Bd4 Rc2+ 39. Ke3 Nxd5+ 40. Bxd5
Bxd5 41. Bb6 Be4 42. Rd4 Rxg2 43. Bxa5 Rg3+ 44. Kd2 Rxb3 45. Rxe4 fxe4 46. Kc2
Rg3 47. b6 Rg2+ 48. Kc3 Rg3+ 49. Kc4 d5+ 50. Kc5 Rb3 51. Kc6 d4 52. b7 d3 53.
Bd2 Kd8 54. Ba5+ Ke8 55. Bd2 Kd8 56. a5 Rb2 57. a6 Rc2+ 58. Kb6 Rb2+ 59. Kc6
Rc2+ 60. Kb6 Rb2+ 61. Ka7 e3 62. Bxe3 Kc7 63. Bd2 1-0

[Event "23rd ETCC Open 2021"]
[Site "Catez"]
[Date "2021.11.19"]
[Round "7.73"]
[White "Kanyamarala, Tarun"]
[Black "Toczek, Grzegorz"]
[Result "1-0"]
[ECO "D85"]
[WhiteElo "2321"]
[BlackElo "2296"]
[Annotator "ChessBase"]
[PlyCount "163"]
[EventDate "2021.11.08"]
[EventType "team-tourn"]
[EventCountry "SLO"]
[SourceTitle "playchess.com"]
[Source "ChessBase"]
[SourceQuality "1"]
[WhiteTeam "Ireland"]
[BlackTeam "Wales"]
[WhiteTeamCountry "IRL"]
[BlackTeamCountry "WLS"]
[TimeControl "40/5400+30:1800+30"]

1. d4 Nf6 2. c4 g6 3. Nc3 d5 4. cxd5 Nxd5 5. e4 Nxc3 6. bxc3 Bg7 7. Nf3 O-O 8.
Be2 c5 9. O-O Qc7 10. Be3 Nd7 11. Qb3 e6 12. a4 b6 13. Rab1 Bb7 14. Nd2 Kh8 15.
a5 Rab8 16. axb6 axb6 17. Bb5 Nf6 18. f3 Ng8 19. Rfd1 Rfd8 20. Nc4 f5 21. exf5
gxf5 22. Qa3 cxd4 23. cxd4 Nf6 24. Ne5 Bf8 25. Qb2 Qe7 26. Bg5 Bg7 27. Qf2 Kg8
28. Qh4 h6 29. Bxh6 Bxh6 30. Qxh6 Qg7 31. Qh4 Bd5 32. Ba6 Nd7 33. Nxd7 Rxd7 34.
Qf4 Qf8 35. Rdc1 Qd6 36. Qe5 Ba2 37. Rb2 Bd5 38. Rcb1 Kf7 39. Be2 Ba8 40. Rb4
Rc8 41. Qe3 Rh8 42. h3 Bd5 43. Qe5 Rb8 44. Kf2 Ba8 45. R1b2 Qxe5 46. dxe5 Rd5
47. f4 Rc5 48. Rxb6 Rg8 49. Bh5+ Ke7 50. Bf3 Bxf3 51. Kxf3 Rc3+ 52. Kf2 Rgc8
53. Rb7+ Kf8 54. Rb8 Rxb8 55. Rxb8+ Kf7 56. Rb7+ Kf8 57. Rd7 Ra3 58. Rd2 Kf7
59. Re2 Kg6 60. Re3 Ra4 61. Kg3 Kh5 62. Rb3 Rc4 63. Rb8 Rc3+ 64. Kf2 Rc2+ 65.
Kf3 Rc3+ 66. Ke2 Rc2+ 67. Kd3 Rc6 68. Rg8 Kh4 69. Kd4 Ra6 70. Kc5 Ra4 71. Kd6
Ra6+ 72. Ke7 Rb6 73. Kf6 Ra6 74. Rg6 Kh5 75. g4+ fxg4 76. hxg4+ Kh4 77. Kf7 Kg3
78. f5 Ra7+ 79. Kxe6 Kf4 80. Kf6 Ke4 81. e6 Kd5 82. Rg8 1-0

[Event "23rd ETCC Open 2021"]
[Site "Catez"]
[Date "2021.11.19"]
[Round "7.74"]
[White "Pleasants, Allan J"]
[Black "Jessel, Stephen"]
[Result "0-1"]
[ECO "D02"]
[WhiteElo "2001"]
[BlackElo "2297"]
[Annotator "NA"]
[PlyCount "88"]
[EventDate "2021.11.08"]
[EventType "team-tourn"]
[EventCountry "SLO"]
[SourceTitle "playchess.com"]
[Source "ChessBase"]
[SourceQuality "1"]
[WhiteTeam "Wales"]
[BlackTeam "Ireland"]
[WhiteTeamCountry "WLS"]
[BlackTeamCountry "IRL"]
[TimeControl "40/5400+30:1800+30"]

1. Nf3 d5 2. g3 Nc6 3. d4 Bf5 4. Bg2 Nb4 5. Na3 e6 6. c3 Nc6 7. O-O Bxa3 8.
bxa3 Be4 9. Re1 Nge7 10. Bf1 Bxf3 11. exf3 O-O 12. Bd3 Nf5 13. Bf4 Nd6 14. Bc2
Qd7 15. Qd3 f5 16. Ba4 Nc4 17. Rab1 Rab8 18. Rb3 a6 19. Bxc6 Qxc6 20. Be5 Rf7
21. h4 a5 22. Reb1 b6 23. Rb5 Rc8 24. R5b3 a4 25. Rb4 Nxa3 26. Re1 Nc4 27. Kg2
Ra8 28. Bf4 Re8 29. h5 Ra8 30. h6 g6 31. Re2 Re7 32. Rb1 Rae8 33. Rbe1 Rf7 34.
Bc1 Qd7 35. Bf4 Qc8 36. Qd1 b5 37. Qb1 c6 38. Qb4 Qd7 39. Qc5 Ree7 40. Bg5 Re8
41. a3 Qc8 42. Bf4 Rb7 43. Bc1 Qd7 44. Bf4 b4 0-1

[Event "23rd ETCC Open 2021"]
[Site "Catez"]
[Date "2021.11.19"]
[Round "7.75"]
[White "Nemeth, Zalan"]
[Black "Garcia, Jason"]
[Result "1-0"]
[ECO "A30"]
[WhiteElo "2163"]
[BlackElo "2028"]
[Annotator "NA"]
[PlyCount "93"]
[EventDate "2021.11.08"]
[EventType "team-tourn"]
[EventCountry "SLO"]
[SourceTitle "playchess.com"]
[Source "ChessBase"]
[SourceQuality "1"]
[WhiteTeam "Ireland"]
[BlackTeam "Wales"]
[WhiteTeamCountry "IRL"]
[BlackTeamCountry "WLS"]
[TimeControl "40/5400+30:1800+30"]

1. c4 c5 2. g3 e6 3. Nf3 b6 4. Bg2 Bb7 5. Nc3 Nf6 6. O-O Be7 7. b3 d6 8. Bb2
Nbd7 9. d4 cxd4 10. Qxd4 a6 11. Rac1 O-O 12. e4 Qc7 13. Ne1 Rac8 14. Nc2 Rfe8
15. Ne3 Bf8 16. Qd2 Qb8 17. Rfd1 Bc6 18. Ba3 Nc5 19. Qc2 Ncxe4 20. Nxe4 Nxe4
21. Bxe4 Bxe4 22. Qxe4 d5 23. cxd5 Bxa3 24. Rxc8 Qxc8 25. d6 Rd8 26. Nc4 Bc5
27. Qf3 f6 28. Qe4 e5 29. Qd5+ Kf8 30. Rd3 Bd4 31. a4 Qd7 32. Rf3 b5 33. axb5
axb5 34. Nxe5 Bxe5 35. Qxe5 Qxd6 36. Qxb5 Rb8 37. Qf5 Kf7 38. Rd3 Qe5 39. Qxh7
Qa1+ 40. Kg2 Qa8+ 41. f3 Rxb3 42. Qh5+ Kg8 43. Rd7 Rb2+ 44. Kh3 Qf8 45. Qd5+
Kh7 46. Rd8 Qe7 47. Qh5# 1-0

[Event "23rd ETCC Open 2021"]
[Site "Catez"]
[Date "2021.11.19"]
[Round "7.76"]
[White "Weatherlake, John P"]
[Black "Kanyamarala, Trisha"]
[Result "0-1"]
[ECO "B67"]
[WhiteElo "1890"]
[BlackElo "2089"]
[Annotator "NA"]
[PlyCount "54"]
[EventDate "2021.11.08"]
[EventType "team-tourn"]
[EventCountry "SLO"]
[SourceTitle "playchess.com"]
[Source "ChessBase"]
[SourceQuality "1"]
[WhiteTeam "Wales"]
[BlackTeam "Ireland"]
[WhiteTeamCountry "WLS"]
[BlackTeamCountry "IRL"]
[TimeControl "40/5400+30:1800+30"]

1. e4 c5 2. Nf3 d6 3. d4 cxd4 4. Nxd4 Nf6 5. Nc3 Nc6 6. Bg5 e6 7. Qd2 a6 8.
O-O-O Bd7 9. f4 b5 10. Bxf6 gxf6 11. Kb1 Qb6 12. Nxc6 Bxc6 13. f5 b4 14. Ne2 e5
15. Ng3 h5 16. h4 Be7 17. Bd3 a5 18. Qe2 a4 19. Bc4 Qc5 20. Nxh5 Rc8 21. b3
axb3 22. cxb3 Rxh5 23. Bxf7+ Kxf7 24. Qxh5+ Kg7 25. Qg4+ Kf8 26. h5 Qe3 27. Rh4
Bb5 0-1

[Event "23rd ETCC Open 2021"]
[Site "Catez"]
[Date "2021.11.20"]
[Round "8.24"]
[White "Hansen, Sune Berg"]
[Black "Haria, Ravi"]
[Result "1/2-1/2"]
[ECO "E48"]
[WhiteElo "2543"]
[BlackElo "2497"]
[Annotator "ChessBase"]
[PlyCount "103"]
[EventDate "2021.11.08"]
[EventType "team-tourn"]
[EventCountry "SLO"]
[SourceTitle "playchess.com"]
[Source "ChessBase"]
[SourceQuality "1"]
[WhiteTeam "Denmark"]
[BlackTeam "England"]
[WhiteTeamCountry "DEN"]
[BlackTeamCountry "ENG"]
[TimeControl "40/5400+30:1800+30"]

1. d4 e6 2. c4 Nf6 3. Nc3 Bb4 4. e3 O-O 5. Bd3 d5 6. Nge2 dxc4 7. Bxc4 b6 8.
O-O Bb7 9. a3 Bd6 10. Ng3 c5 11. dxc5 Bxc5 12. Qe2 Nbd7 13. Rd1 Qe7 14. b4 Bd6
15. Bb2 a6 16. b5 a5 17. Na4 Rab8 18. Nh5 Ba8 19. Bd3 Be5 20. Nxf6+ Bxf6 21.
Bxh7+ Kxh7 22. Qd3+ Kg8 23. Qxd7 Bd5 24. Qxe7 Bxe7 25. Be5 Rb7 26. Rdc1 Bb3 27.
Nb2 f6 28. Rc7 Rxc7 29. Bxc7 a4 30. Bxb6 Rb8 31. Bd4 Rxb5 32. h3 e5 33. Bc3 Rb7
34. Nd3 Rd7 35. Bb4 Rxd3 36. Bxe7 Kf7 37. Bb4 Rd1+ 38. Rxd1 Bxd1 39. Kf1 Bb3
40. Ke2 e4 41. h4 g6 42. Kd2 f5 43. Kc3 Ke6 44. Kd4 Bd1 45. Bc3 Be2 46. Ba5 Bd1
47. Bd8 Be2 48. Kc5 Bd1 49. Kc6 Be2 50. Bg5 Bf1 51. Bf4 Be2 52. Kc5 1/2-1/2